 Dungeon Sprint DCSS version 0.19.0-11-g3fc08b3 (webtiles) character file.

40 equalderp2856 the Fighter (level 3, -10/23 HPs)
             Began as a Felid Fighter on Nov 9, 2016.
             Killed from afar by a steam dragon (27 damage)
             ... with a ball of steam
             ... in the Dungeon (Sprint IX: "|||||||||||||||||||||||||||||").
             The game lasted 00:01:28 (616 turns).

equalderp2856 the Fighter (Felid Fighter)            Turns: 616, Time: 00:01:28

Health: -10/23     AC:  1    Str: 13    XL:     3   Next: 30%
Magic:  4/4        EV: 19    Int:  9    God:
Gold:   0          SH:  0    Dex: 15    Spells: 0 memorised, 2 levels left
                                        Lives:  0   Deaths: 1

rFire  . . .     SeeInvis +       - Unarmed
rCold  . . .     Gourm    .     (armour unavailable)
rNeg   . . .     Faith    .     (shield unavailable)
rPois  .         Spirit   .     (helmet unavailable)
rElec  .         Reflect  .     (cloak unavailable)
rCorr  .         Harm     .     (gloves unavailable)
MR     .....     NoTele   +     (boots unavailable)
Stlth  ++........               (no amulet)
                                (no ring)
                                (no ring)

@: quick
A: no armour, no weapons or thrown items, stealth, claws 1, fangs 3, see
invisible, carnivore 3, speed 1, shaggy fur 1, slow metabolism 1, sharp paws
a: no special abilities


You were in the Dungeon.
You were not hungry.

You visited 1 branch

Inventory:

Jewellery
 m - a +3 ring of intelligence
 n - a +3 ring of intelligence
Wands
 l - a wand of iceblast (7/15)
Scrolls
 i - 3 scrolls of remove curse
 j - 2 scrolls of amnesia
 k - a scroll of blinking
Potions
 a - a potion of might
 c - a potion of invisibility
 d - 3 potions of heal wounds
 e - a potion of haste
 f - 4 potions of magic
 g - a potion of berserk rage
 h - 4 potions of curing
Comestibles
 b - a meat ration


   Skills:
 + Level 9.1 Fighting
 - Level 4.0 Dodging
 - Level 4.0 Unarmed Combat


You had 2 spell levels left.
You didn't know any spells.

Dungeon Overview and Level Annotations

Branches:
Dungeon (1/1)

Altars:
Cheibriados
Dithmenos
Elyvilon
Fedhas
Gozag
Hepliaklqana
Kikubaaqudgha
Makhleb
Nemelex Xobeh
Okawaru
Qazlal
Ru
Sif Muna
Trog
Uskayaw
Vehumet
Xom
Yredelemnul
Zin
The Shining One
Beogh
Jiyva
Lugonu


Innate Abilities, Weirdness & Mutations

You cannot wear armour.
You are incapable of wielding weapons or throwing items.
Your paws allow you to move quietly. (Stealth)
You have sharp claws.
You have razor-sharp teeth.
You have supernaturally acute eyesight. (SInv)
You are carnivorous and can eat meat at any time.
You cover ground quickly.
You are covered in fur. (AC +1)
You have a slow metabolism.
Your sharp claws are effective at attacking unaware monsters.


Message History

Okay, then.
Items here: ))))))
The steam dragon hisses angrily.
You see here a +0 pair of gloves.
You see here a +0 pair of boots.
The steam dragon misses you.
The steam dragon claws you but does no damage.
You see here a +1 chain mail.
You closely miss the steam dragon.
The steam dragon is heavily wounded.
You claw the steam dragon!
You bite the steam dragon, but do no damage.
The steam dragon is almost dead.
The steam dragon completely misses you. The steam dragon claws you.
You barely miss the steam dragon.
The steam dragon is almost dead.
The steam dragon breathes steam at you. The ball of steam hits you!
Ouch! That really hurt!
You die... ▓▓▓▓▓▓▓▓▓▓▓▓▓▓▓▓▓▓▓▓▓▓▓▓▓▓▓ ________.'..|)[[@DZxOzz..z+ ▓▓▓▓▓▓▓▓▓▓▓▓▓▓▓▓▓▓▓▓▓▓▓▓▓▓▓

You could see an unseen horror (invisible), a two-headed ogre, a steam dragon, 2 wights and a giant cockroach zombie.

Vanquished Creatures
  A crimson imp (D)
  An iguana (D)
  A worker ant (D)
  An adder skeleton (D)
  A dart slug (D)
  2 hobgoblins (D)
  A ball python (D)
  A leopard gecko zombie (D)
  A rat (D)
10 creatures vanquished.

Notes
Turn   | Place    | Note
-------+----------+-------------------------------------------
     0 | D        | equalderp2856 the Felid Fighter began the quest for the Orb.
     0 | D        | Reached XP level 1. HP: 10/10 MP: 2/2
    13 | D        | Reached skill level 4 in Fighting
    88 | D        | Noticed a worker ant
    88 | D        | Noticed a crimson imp
    88 | D        | Noticed an iguana
    93 | D        | Reached skill level 5 in Fighting
    93 | D        | Reached XP level 2. HP: 15/16 MP: 3/3
   104 | D        | Reached skill level 6 in Fighting
   104 | D        | Reached XP level 3. HP: 12/21 MP: 4/4
   126 | D        | Reached skill level 8 in Fighting
   361 | D        | Reached skill level 9 in Fighting
   361 | D        | Reached XP level 4. HP: 10/27 MP: 5/5
   559 | D        | Found a roughly hewn altar of Beogh.
   559 | D        | Found a snail-covered altar of Cheibriados.
   559 | D        | Found a shadowy altar of Dithmenos.
   559 | D        | Found a white marble altar of Elyvilon.
   559 | D        | Found a blossoming altar of Fedhas.
   559 | D        | Found an opulent altar of Gozag.
   560 | D        | Found a hazy altar of Hepliaklqana.
   561 | D        | Found a viscous altar of Jiyva.
   562 | D        | Found an ancient bone altar of Kikubaaqudgha.
   563 | D        | Found a corrupted altar of Lugonu.
   564 | D        | Found a burning altar of Makhleb.
   565 | D        | Found a sparkling altar of Nemelex Xobeh.
   566 | D        | Found an iron altar of Okawaru.
   567 | D        | Found a stormy altar of Qazlal.
   568 | D        | Found a sacrificial altar of Ru.
   569 | D        | Found a deep blue altar of Sif Muna.
   570 | D        | Found a bloodstained altar of Trog.
   571 | D        | Found a hide-covered altar of Uskayaw.
   572 | D        | Found a radiant altar of Vehumet.
   573 | D        | Found a shimmering altar of Xom.
   574 | D        | Found a basalt altar of Yredelemnul.
   575 | D        | Found a glowing silver altar of Zin.
   576 | D        | Found a glowing golden altar of the Shining One.
   601 | D        | Noticed a steam dragon
   601 | D        | Noticed an unseen horror
   601 | D        | Noticed a two-headed ogre
   606 | D        | Engulfed by a steam dragon's steam
   607 | D        | Reached XP level 3. HP: -2/23 MP: 4/4
   616 | D        | Killed from afar by a steam dragon

Skill      XL: |  1  2  3 |
---------------+----------+-----
Fighting       | 5 6 9 |  9.1
Dodging        | |  4.0
Unarmed Combat | |  4.0

Action                   |  1- 3 |  4- 6 || total
-------------------------+-------+-------++-------
Melee: Unarmed           |    52 |     5 ||    57
       Bite              |     6 |       ||     6
       Punch             |     1 |       ||     1
  Use: Potion            |     1 |       ||     1
       Scroll            |       |     1 ||     1
 Stab: Sleeping          |     1 |     1 ||     2
Armor: Skin              |     2 |       ||     2
Dodge: Dodged            |    28 |     4 ||    32
